 Dungeon Crawl Stone Soup version 0.29.1-13-g9f3cf754e1 (webtiles) character file.

Game seed: 11137201558512603542

1 Ast3rio the Grave Robber (level 1, 0/13 HPs)
             Began as a Vampire Necromancer on Feb 10, 2023.
             Slain by a jackal (3 damage)
             ... on level 1 of the Dungeon.
             The game lasted 00:00:42 (65 turns).

Ast3rio the Grave Robber (Vampire Necromancer)        Turns: 65, Time: 00:00:43

Health: 0/13       AC:  2    Str:  7    XL:     1   Next: 16%
Magic:  2/3        EV: 12    Int: 17    God:
Gold:   0          SH:  0    Dex: 14    Spells: 3/4 levels left

rFire   . . .      SeeInvis +   c - +0 dagger
rCold   . . .      Faith    .   (no shield)
rNeg    . . .      Spirit   .   a - +0 robe
rPois   .          Reflect  .   (no helmet)
rElec   .          Harm     .   (no cloak)
rCorr   .          Rampage  .   (no gloves)
Will    .....                   (no boots)
Stlth   ++........              (no amulet)
HPRegen 0.24/turn               (no ring)
MPRegen 0.08/turn               (no ring)

@: healing quickly
A: alive, fangs 3, see invisible, vampiric 1
a: Exsanguinate


You were on level 1 of the Dungeon.
You visited 1 branch of the dungeon, and saw 1 of its levels.

Inventory:

Hand Weapons
 c - a +0 dagger (weapon)
Armour
 a - a +0 robe (worn)
Scrolls
 d - a scroll of noise {unknown}
Potions
 b - a potion of magic


   Skills:
 + Level 2.1 Dodging
 + Level 3.0 Stealth
 + Level 2.0 Spellcasting
 + Level 4.4 Necromancy


You had 3 spell levels left.
You knew the following spells:

 Your Spells              Type           Power      Damage    Failure   Level
a - Necrotise             Necr           64%        1d7       3%          1

Your spell library contained the following spells:

 Spells                   Type           Power      Damage    Failure   Level
 Vampiric Draining        Necr           16%        2d7       10%         3
 Animate Dead             Necr           16%        N/A       30%         4
 Agony                    Necr           16%        N/A       65%         5


Dungeon Overview and Level Annotations

Branches:
Dungeon (1/15)

Altars:


Innate Abilities, Weirdness & Mutations

Your natural rate of healing is accelerated.
You have razor-sharp teeth.
You have supernaturally acute eyesight. (SInv)
You are afflicted with vampirism.


Message History

You swap places.
The jackal barks!
You hear a bark!
A hobgoblin comes into view.
You swap places.
A jackal comes into view.
A jackal comes into view.
Found a ring mail.
The jackal barks!
You hear a bark!
Your bat skeleton hits the jackal but does no damage.
The jackal bites your bat skeleton.
Your bat skeleton closely misses the jackal.
The jackal barely misses your bat skeleton.
A jackal comes into view.
Your bat skeleton barely misses the jackal.
Your bat skeleton hits the jackal.
Your bat skeleton hits the jackal but does no damage.
The jackal bites your bat skeleton.
A rat comes into view.
Your bat skeleton closely misses the jackal.
Your bat skeleton hits the jackal but does no damage.
The jackal barely misses your bat skeleton.
The jackal bites your bat skeleton.
Your bat skeleton barely misses the jackal.
The jackal closely misses your bat skeleton.
The jackal bites your bat skeleton.
Your bat skeleton is destroyed!
The jackal misses you. The jackal barely misses you. The jackal misses you.
Casting: Necrotise (safe; 3% risk of failure)
Confirm with . or Enter, or press ? or * to list all spells.
Aiming: Necrotise (safe; 3% risk of failure)
Press: ? - help, Shift-Dir - straight line, f - jackal
Aim: a jackal (moderately wounded, ally target, chance to affect: 86%)
The jackal barely resists.
The jackal bites you. The jackal misses you. The jackal bites you.
The hobgoblin misses you.
You hit the jackal but do no damage.
The jackal is moderately wounded.
The jackal bites you. x3
* * * LOW HITPOINT WARNING * * *
The hobgoblin barely misses you. The jackal bites you.
You die...

... #. ##.## ###.
#...# ...###...###
##.#.......###.#
...............#
#.#.......##### ##
.[#.##h#.....###
###. ....rhh@Z....#
#... ..#.##h#g...##
#.## ...........#
#.# ......###.###
#.# ....##.#.....#
##.## #.##
#.#.....#######....
#
#................##
###...)>#######..#
#?....# ##.#


You could see 4 jackals, a hobgoblin, a rat and a friendly rat skeleton.

Vanquished Creatures
  A bat (D:1)
  A rat (D:1)
2 creatures vanquished.

Notes
Turn   | Place    | Note
-------+----------+-------------------------------------------
     0 | D:1      | Ast3rio the Vampire Necromancer began the quest for the
                  | Orb.
     0 | D:1      | Reached XP level 1. HP: 13/13 MP: 3/3
    65 | D:1      | Slain by a jackal

Illustrated notes

Levels and vault maps discovered:
D:1:      dpeg_arrival_tiny_i, layout_loops_ring

Action                   || total
-------------------------++-------
Melee: Dagger            ||     1
 Cast: Necrotise         ||     3
Dodge: Dodged            ||     6
